 Dungeon Crawl Stone Soup version 0.25-a0-665-ga69d64035b (webtiles) character file.

Game seed: 7290103079945847673, levelgen mode: deterministic

95 kae the Gusty (level 4, 0/24 HPs)
             Began as a Tengu Air Elementalist on Mar 26, 2020.
             Succumbed to an adder's poison
             ... on level 2 of the Dungeon.
             The game lasted 00:01:46 (1903 turns).

kae the Gusty (Tengu Air Elementalist)              Turns: 1903, Time: 00:01:46

Health: 0/24       AC:  2    Str:  9    XL:     4   Next: 66%
Magic:  6/9        EV: 12    Int: 16    God:
Gold:   87         SH:  0    Dex: 14    Spells: 0/8 levels left

rFire    . . .     SeeInvis .   b - +0 whip
rCold    . . .     Gourm    .   (no shield)
rNeg     . . .     Faith    .   a - +0 robe
rPois    .         Spirit   .   (helmet restricted)
rElec    .         Reflect  .   h - scarf {cloud immunity}
rCorr    .         Harm     .   (no gloves)
MR       .....                  (boots unavailable)
Stlth    ++........             (no amulet)
HPRegen  0.08/turn              (no ring)
MPRegen  0.11/turn              (no ring)

@: mighty, lethally poisoned (0 -> -6)
A: beak, talons 3
a: no special abilities


You were on level 2 of the Dungeon.
You were very hungry.

You visited 1 branch of the dungeon, and saw 2 of its levels.

You collected 87 gold pieces.

Inventory:

Hand Weapons
 b - a +0 whip (weapon)
Armour
 a - a +0 robe (worn)
 h - a scarf of cloud immunity (worn)
Scrolls
 e - a scroll of amnesia {unknown}
 f - a scroll of identify {unknown}
 g - a scroll of teleportation {unknown}
Comestibles
 c - 7 rations


   Skills:
 - Level 2.1 Dodging
 - Level 2.0 Stealth
 + Level 2.7 Spellcasting
 * Level 4.2 Conjurations
 + Level 4.9 Air Magic


You couldn't memorise any spells.
You knew the following spells:

 Your Spells              Type           Power        Failure   Level  Hunger
a - Shock                 Conj/Air       ###.         3%          1    #......
b - Static Discharge      Conj/Air       ###.....     9%          3    ###....
c - Airstrike             Air            ###.......   26%         4    #####..

Your spell library contained the following spells:

 Spells                   Type           Power        Failure   Level  Hunger
 Swiftness                Chrm/Air       ##......     11%         2    ##.....
 Lightning Bolt           Conj/Air       ###.......   63%         5    ######.


Dungeon Overview and Level Annotations

Branches:
Dungeon (2/15)

Altars:


Innate Abilities, Weirdness & Mutations

You have a beak for a mouth.
You have claws for feet.


Message History

* * * LOW HITPOINT WARNING * * *
You feel sick.
* * * LOW HITPOINT WARNING * * *
You feel sick.
A kobold comes into view.
* * * LOW HITPOINT WARNING * * *
You feel sick.
* * * LOW HITPOINT WARNING * * *
You feel sick.
* * * LOW HITPOINT WARNING * * *
You feel sick.
* * * LOW HITPOINT WARNING * * *
You feel sick.
An adder and a dart slug come into view.
* * * LOW HITPOINT WARNING * * *
You feel sick.
The adder hisses angrily.
You closely miss the adder. The adder barely misses you.
You closely miss the adder. Your peck misses the adder.
You die...

.# .# ####
w# ...# .#
##.## .#
####...##.#
........#S##
#.....@..#
#.....#..#
#..
##...##..#
#.# ##.##
..# #.#
##...# ..#
#.# #..#.#
..# #.#
#...K# ..# #
#.# #.####
... #.##.#
#.#


You could see an adder and a dart slug.

Vanquished Creatures
  Robin (D:2)
  2 adders (D:2)
  A worm (D:2)
  3 dart slugs (D:1)
  3 leopard geckos
  3 orcs (D:2)
  3 giant cockroaches
  11 goblins
  6 hobgoblins
  4 bats
  5 frilled lizards
  6 kobolds
  5 rats
53 creatures vanquished.

Notes
Turn   | Place    | Note
-------+----------+-------------------------------------------
     0 | D:1      | kae the Tengu Air Elementalist began the quest for the Orb.
     0 | D:1      | Reached XP level 1. HP: 10/10 MP: 4/4
    83 | D:1      | Reached XP level 2. HP: 15/15 MP: 3/6
   762 | D:1      | Reached XP level 3. HP: 19/19 MP: 3/7
  1358 | D:2      | Reached XP level 4. HP: 24/24 MP: 4/8
  1380 | D:2      | Learned a level 3 spell: Static Discharge
  1385 | D:2      | Learned a level 4 spell: Airstrike
  1427 | D:2      | Noticed Robin
  1439 | D:2      | Killed Robin
  1901 | D:2      | HP: 1/24 [poisoned by an adder]
  1903 | D:2      | Succumbed to an adder's poison

Levels and vault maps discovered:
D:1:      dpeg_arrival_rooms_b, layout_basic, minmay_misc_feat_ornament,
          chequers_serial_rivers_large_a, minmay_misc_feat_x
D:2:      layout_loops_ring, first_ration, chequers_serial_rivers_micro_b,
          guppyfry_early_orc_mine, uniq_robin

Skill      XL: |  1  2  3  4 |
---------------+-------------+-----
Conjurations   | 2 3 4 |  4.2
Dodging        | |  2.1
Stealth        | |  2.0
Spellcasting   | |  2.7
Air Magic      | |  4.9

Action                   |  1- 3 |  4- 6 || total
-------------------------+-------+-------++-------
Melee: Unarmed           |     9 |       ||     9
       Kick              |     9 |     2 ||    11
       Peck              |     5 |     2 ||     7
       Whip              |    27 |    13 ||    40
 Cast: Shock             |    52 |    34 ||    86
  Use: Scroll            |     1 |       ||     1
       Potion            |       |     1 ||     1
 Stab: Sleeping          |       |     1 ||     1
  Eat: Chunk             |     2 |     1 ||     3
Armor: Robe              |     7 |     4 ||    11
Dodge: Dodged            |    22 |    12 ||    34

Table legend:
 A = Non-vault XP
 B = Vault XP
 C = Vault XP percentage of total XP
 D = Non-vault monster count
 E = Vault monster count
 F = Vault count percentage of total count
                 A         B        C        D         E       F
            +---------+---------+-------+---------+---------+-------
      Total |      93 |      44 |  32.1 |      38 |      15 |  28.3
            +---------+---------+-------+---------+---------+-------
        D:1 |      36 |       0 |   0.0 |      18 |       0 |   0.0
        D:2 |      57 |      44 |  43.6 |      20 |      15 |  42.9
            +---------+---------+-------+---------+---------+-------
